 Dungeon Crawl Stone Soup version 0.29.1-12-g30fa7ad0bf (webtiles) character file.

Game seed: 571201474951594140

4384 mopl the Grappler (level 10, -20/69 HPs)
             Began as a Palentonga Transmuter on Dec 10, 2022.
             Was a Priest of Cheibriados.
             Demolished by a two-headed ogre
             ... wielding a +0 giant club
              (30 damage)
             ... on level 7 of the Dungeon on Dec 12, 2022.
             The game lasted 00:15:57 (7559 turns).

mopl the Grappler (Palentonga Transmuter)           Turns: 7559, Time: 00:15:58

Health: -20/69     AC: 12    Str: 22    XL:     10   Next: 13%
Magic:  8/17       EV: 10    Int: 26    God:    Cheibriados [***...]
Gold:   158        SH:  0    Dex: 17    Spells: 4/19 levels left

rFire   . . .      SeeInvis +     - Unarmed
rCold   + . .      Faith    .   (no shield)
rNeg    . . .      Spirit   .   a - +0 robe
rPois   .          Reflect  .   (no helmet)
rElec   .          Harm     .   o - +0 cloak
rCorr   .          Rampage  .   (no gloves)
Will    .....                   (no barding)
Stlth   ++........              u - amulet of regeneration
HPRegen 1.01/turn               x - ring of protection from cold
MPRegen 0.15/turn               (no ring)

@: very slightly contaminated, curled up, very slow
A: large, rugged brown scales 3, see invisible, deformed body, roll 1, armoured
tail, reflexive curl
a: Rolling Charge, Renounce Religion, Bend Time, Temporal Distortion


You were on level 7 of the Dungeon.
You worshipped Cheibriados.
Cheibriados was most pleased with you.
You visited 2 branches of the dungeon, and saw 8 of its levels.

You collected 421 gold pieces.
You spent 263 gold pieces at shops.

Inventory:

Missiles
 d - 5 boomerangs
 p - 17 poisoned darts
Armour
 a - a +0 robe (worn)
 n - a +0 chain mail
 o - a +0 cloak (worn)
 D - a +0 ring mail
Magical Staves
 l - a staff of conjuration
 B - a staff of earth
Jewellery
 u - an amulet of regeneration (around neck)
 x - a ring of protection from cold (left hand)
Wands
 t - a wand of mindburst (6)
 y - a wand of roots (11)
 z - a wand of charming (8)
Scrolls
 e - 2 scrolls of poison {unknown}
 f - a scroll of enchant weapon {unknown}
 g - 2 scrolls of brand weapon
 k - 2 scrolls of noise {unknown}
 s - 2 scrolls of teleportation
 v - 2 scrolls of magic mapping {unknown}
 w - 2 scrolls of amnesia
 C - 2 scrolls of blinking
 E - a scroll of summoning {unknown}
 F - a scroll of immolation {unknown}
 G - 3 scrolls of fear
 H - a scroll of vulnerability {unknown}
Potions
 b - a potion of lignification {!q}
 c - 8 potions of curing
 h - 2 potions of ambrosia
 i - 3 potions of heal wounds
 j - 5 potions of flight
 m - a potion of brilliance
 q - 4 potions of cancellation
 r - 3 potions of might
 A - a potion of mutation {unknown}
 I - 3 potions of resistance


   Skills:
 + Level 1.3 Fighting
 + Level 0.5 Throwing
 + Level 0.4 Armour
 + Level 1.7 Dodging
 * Level 10.2 Unarmed Combat
 - Level 5.0 Spellcasting
 + Level 7.1 Transmutations
 - Level 2.0 Poison Magic
 + Level 6.7 Invocations
 + Level 0.9 Evocations


You had 4 spell levels left.
You knew the following spells:

 Your Spells              Type           Power      Damage    Failure   Level
a - Beastly Appendage     Tmut           86%        N/A       1%          1
b - Spider Form           Tmut/Pois      30%        N/A       3%          3
c - Blade Hands           Tmut           21%        N/A       12%         5
d - Ice Form              Ice/Tmut       24%        N/A       19%         4
w - Wereblood             Tmut           43%        N/A       1%          2

Your spell library contained the following spells:

 Spells                   Type           Power      Damage    Failure   Level
 Apportation              Tloc           12%        N/A       8%          1
 Petrify                  Tmut/Erth      24%        N/A       19%         4
 Portal Projectile        Hex/Tloc       12%        N/A       22%         3
 Tukima's Dance           Hex            6%         N/A       22%         3
 Alistair's Intoxication  Tmut/Pois      20%        N/A       32%         5
 Metabolic Englaciation   Hex/Ice        3%         N/A       91%         5
 Statue Form              Tmut/Erth      16%        N/A       95%         6


Dungeon Overview and Level Annotations

Branches:
Dungeon (7/15)             Temple (1/1) D:4

Altars:
Ashenzari
Cheibriados
Elyvilon
Fedhas
Gozag
Hepliaklqana
Makhleb
Nemelex Xobeh
Okawaru
Qazlal
Ru
Sif Muna
Trog
Uskayaw
Vehumet
Wu Jian
Xom
Zin
The Shining One

Shops:
D:1 *   D:3 [   D:4 *   D:5 (

Portals:
Abyss: D:3

Annotations:
D:3 2 transporters, xelsha's ghost, weakling TrHu


Innate Abilities, Weirdness & Mutations

You are completely covered in rugged brown scales. (AC +3, +7% HP)
You have supernaturally acute eyesight. (SInv)
Armour fits poorly on your strangely shaped body.
You can roll at nearby foes to attack.
You have a long armoured tail.
You curl defensively after being hit. (AC +7*)


Message History

Throw: 18 darts (poison)
Press: ? - help, Shift-Dir - straight line, f/p - two-headed ogre
Aim: a two-headed ogre, wielding two +0 giant clubs (lightly wounded, very poisoned, 74% to hit)
You throw a poisoned dart.
The poisoned dart hits the two-headed ogre.
The two-headed ogre looks as sick as possible!
The two-headed ogre is lightly wounded.
Casting: Spider Form (dangerous; 3% risk of failure)
Confirm with . or Enter, or press ? or * to list all spells.
You miscast Blade Hands.
You are very lightly contaminated with residual magic.
Nothing appears to happen.
Casting: Blade Hands (dangerous; 12% risk of failure)
Confirm with . or Enter, or press ? or * to list all spells.
You miscast Blade Hands.
Your body is twisted painfully.
You are lightly contaminated with residual magic.
You punch the two-headed ogre!
You punch the two-headed ogre, but do no damage.
The two-headed ogre is moderately wounded.
The two-headed ogre hits you with a +0 giant club! x2
You hit the two-headed ogre.
The two-headed ogre is heavily wounded.
You hit the two-headed ogre.
The two-headed ogre is heavily wounded.
The two-headed ogre hits you with a +0 giant club!
The two-headed ogre hits you with a +0 giant club.
You hit the two-headed ogre but do no damage.
The two-headed ogre is heavily wounded.
You hit the two-headed ogre but do no damage.
Your tail-slap misses the two-headed ogre.
You punch the two-headed ogre.
The two-headed ogre is severely wounded.
The two-headed ogre hits you with a +0 giant club! x2
* * * LOW HITPOINT WARNING * * *
Aiming: Mindburst
Press: ? - help, Shift-Dir - straight line, f/p - two-headed ogre
Aim: a two-headed ogre, wielding two +0 giant clubs (severely wounded, very poisoned, chance to affect: 51%)
The two-headed ogre's minds are blasted!
The two-headed ogre hits you with a +0 giant club!!
You die...

....####..##..#..##..#
....# ##....##.##..#
....# ##..###.#..#
....# #..# #.#.## ....#
#..###|†#.# ....##
##..#..#.## .<...##
##.....#..#
.[#...####....#.##..#
..).........#...@##..#
............##..O.##..#
.........<# ##....###.#
......###... .....# #.#
........... #..(..# #.
.....[.###> #..(...
.##...... ...(..#. #
.##....#'# .....(.##.
#. [##.##.# #.#####


You could see a two-headed ogre (very poisoned).

Vanquished Creatures
  Pikel (D:6)
  A kobold demonologist (D:7)
  A slime creature (D:7)
  A wraith (D:7)
  A steam dragon (D:6)
  A vampire mosquito (D:7)
  Menkaure (D:6)
  2 orc warriors (D:7)
  2 sky beasts (D:7)
  An ice beast (D:7)
  An ogre (D:6)
  5 centaurs
  A phantom (D:6)
  A kobold brigand (D:7)
  2 bullfrogs
  A gnoll sergeant (D:7)
  2 necrophages
  4 scorpions
  5 wights (D:7)
  A howler monkey (D:7)
  7 hounds
  4 jellies
  3 orc priests
  Crazy Yiuf (D:3)
  A gnoll bouda (D:5)
  Ijyb (D:3)
  Natasha (thrice) (D:3)
  3 iguanas
  7 orc wizards
  9 adders
  6 gnolls
  A shadow imp (D:5)
  A white imp (D:6)
  3 worms
  14 orcs
  8 endoplasms
  4 giant cockroaches
  5 goblins
  7 hobgoblins
  5 jackals (D:2)
  A quokka (D:1)
  3 ball pythons
  5 bats
  4 frilled lizards
  8 kobolds
  5 rats
154 creatures vanquished.

Vanquished Creatures (others)
  A fungus (D:3)
1 creature vanquished.

Grand Total: 155 creatures vanquished

Notes
Turn   | Place    | Note
-------+----------+-------------------------------------------
     0 | D:1      | mopl the Palentonga Transmuter began the quest for the Orb.
     0 | D:1      | Reached XP level 1. HP: 16/16 MP: 3/3
   129 | D:1      | Found Sudy's General Store.
   147 | D:1      | Reached XP level 2. HP: 21/22 MP: 3/5
   766 | D:2      | Reached XP level 3. HP: 27/27 MP: 4/6
   978 | D:2      | Learned a level 3 spell: Spider Form
  1155 | D:2      | Reached skill level 4 in Unarmed Combat
  1364 | D:2      | Reached XP level 4. HP: 31/34 MP: 5/7
  1883 | D:3      | Found a runed translucent door.
  1885 | D:3      | Noticed Crazy Yiuf
  1894 | D:3      | Killed Crazy Yiuf
  2245 | D:3      | Noticed an ancient zyme
  2254 | D:3      | Found a transporter.
  2279 | D:3      | Noticed Natasha
  2284 | D:3      | Reached skill level 3 in Transmutations
  2288 | D:3      | Killed Natasha
  2289 | D:3      | Reached skill level 1 in Poison Magic
  2289 | D:3      | Reached XP level 5. HP: 29/39 MP: 9/9
  2298 | D:3      | Found a transporter.
  2299 | D:3      | Noticed xelsha's ghost (weakling TrHu)
  2300 | D:3      | Noticed a small abomination
  2334 | D:3      | Noticed Ijyb
  2344 | D:3      | Killed Ijyb
  2694 | D:3      | Found Qainonij's Antique Armour Emporium.
  2807 | D:3      | Reached skill level 3 in Spellcasting
  2900 | D:3      | Found a one-way gate to the infinite horrors of the Abyss.
  2976 | D:4      | Found Ikleky's Assorted Antiques.
  2986 | D:4      | Bought a scroll labelled ZYATHR JEOREOCRUITU for 29 gold
                  | pieces
  2986 | D:4      | Bought a brown potion for 26 gold pieces
  2996 | D:4      | Found a hazy altar of Hepliaklqana.
  3173 | D:4      | Found a broken altar of Ashenzari.
  3190 | D:4      | Found a burning altar of Makhleb.
  3436 | D:4      | Found an ornate altar of the Wu Jian Council.
  3489 | D:4      | Found a staircase to the Ecumenical Temple.
  3494 | Temple   | Entered the Ecumenical Temple
  3653 | Temple   | Upgraded the game from 0.29.1-4-g47bece8355 to
                  | 0.29.1-12-g30fa7ad0bf
  3653 | Temple   | Became a worshipper of Cheibriados the Contemplative
  3896 | D:5      | Entered Level 5 of the Dungeon
  3929 | D:5      | Reached skill level 5 in Unarmed Combat
  3931 | D:5      | Reached XP level 6. HP: 33/46 MP: 6/10
  3987 | D:5      | Found Wunonuoff's Antique Weapon Shop.
  4001 | D:5      | Reached skill level 1 in Invocations
  4217 | D:1      | Bought a scroll of amnesia for 52 gold pieces
  4217 | D:1      | Bought a scroll of fear for 52 gold pieces
  4360 | D:5      | Reached skill level 2 in Poison Magic
  4366 | D:5      | Reached skill level 6 in Unarmed Combat
  4366 | D:5      | Reached skill level 4 in Transmutations
  4366 | D:5      | Reached skill level 2 in Invocations
  4366 | D:5      | Gained mutation: You curl defensively after being hit. (AC
                  | +7*) [Palentonga growth]
  4366 | D:5      | Reached XP level 7. HP: 34/51 MP: 8/11
  4441 | D:5      | Reached skill level 3 in Invocations
  4442 | D:5      | Reached * piety under Cheibriados
  4560 | D:5      | Found an opulent altar of Gozag.
  4904 | D:6      | Noticed a steam dragon
  4916 | D:6      | Killed a steam dragon
  4917 | D:6      | Reached skill level 7 in Unarmed Combat
  4917 | D:6      | Reached XP level 8. HP: 23/57 MP: 9/13
  4944 | D:6      | Learned a level 2 spell: Wereblood
  4949 | D:6      | Learned a level 4 spell: Ice Form
  5252 | D:1      | Bought a potion of ambrosia for 104 gold pieces
  5283 | D:3      | Noticed Natasha
  5297 | D:3      | Killed Natasha
  5470 | D:3      | Found a one-way gate to the infinite horrors of the Abyss.
  5482 | D:3      | Found a transporter.
  5487 | D:3      | Noticed Natasha
  5492 | D:3      | Killed Natasha
  5516 | D:3      | Found a transporter.
  5790 | D:3      | Found Qainonij's Antique Armour Emporium.
  6029 | D:6      | Reached skill level 5 in Transmutations
  6033 | D:6      | Noticed Menkaure
  6036 | D:6      | Killed Menkaure
  6037 | D:6      | Reached skill level 4 in Invocations
  6041 | D:6      | Noticed Pikel
  6058 | D:6      | Killed Pikel
  6059 | D:6      | Reached skill level 8 in Unarmed Combat
  6059 | D:6      | Reached skill level 4 in Spellcasting
  6121 | D:6      | Found a sparkling altar of Nemelex Xobeh.
  6204 | D:6      | Reached XP level 9. HP: 51/63 MP: 15/15
  6293 | D:6      | Reached skill level 5 in Invocations
  6371 | D:6      | Reached ** piety under Cheibriados
  6925 | D:7      | Reached skill level 6 in Transmutations
  7009 | D:7      | Found a glowing silver altar of Zin.
  7029 | D:7      | Reached skill level 9 in Unarmed Combat
  7082 | D:7      | Reached skill level 5 in Spellcasting
  7102 | D:7      | Noticed a kobold demonologist
  7108 | D:7      | Noticed a sixfirhy
  7126 | D:7      | Noticed a red devil
  7126 | D:7      | Killed a kobold demonologist
  7127 | D:7      | Reached skill level 6 in Invocations
  7184 | D:7      | Noticed a manticore
  7188 | D:7      | Noticed a cyclops
  7196 | D:7      | Found a radiant altar of Vehumet.
  7196 | D:7      | Found an ornate altar of the Wu Jian Council.
  7196 | D:7      | Found a shimmering altar of Xom.
  7196 | D:7      | Found a white marble altar of Elyvilon.
  7196 | D:7      | Found an ancient bone altar of Kikubaaqudgha.
  7196 | D:7      | Found a bloodstained altar of Trog.
  7307 | D:7      | Found a shimmering blue altar of Sif Muna.
  7311 | D:7      | Reached *** piety under Cheibriados
  7312 | D:7      | Reached skill level 10 in Unarmed Combat
  7365 | D:7      | Reached skill level 7 in Transmutations
  7373 | D:7      | Reached XP level 10. HP: 66/69 MP: 17/17
  7382 | D:7      | Learned a level 5 spell: Blade Hands
  7547 | D:7      | Noticed a two-headed ogre
  7559 | D:7      | Demolished by a two-headed ogre

Illustrated notes

Levels and vault maps discovered:
D:1:      denvon_arrival_planthouse, layout_loops_ring, serial_shops, shop
D:2:      kb_forest_paths, layout_loops_corners
D:3:      layout_basic, gammafunk_ghost_abyssal_escape, serial_shops,
          nicolae_shop_advertising_works [nicolae_subvault_shop_adworks],
          uniq_natasha, uniq_crazy_yiuf_cottage, uniq_ijyb
D:4:      layout_loops_ring, nicolae_hepliaklqana_hazy_memory,
          nicolae_wu_jian_immortal_techniques,
          mainiacjoe_overflow_large_starburst, temple_doors_e,
          nicolae_stop_n_shop_2
D:5:      layout_cave_pools, general_overflow_altar, kennysheep_small_square
D:6:      kennysheep_six_static_rooms, layout_basic, nemelex_spade_bored_becter,
          serial_rivers, chequers_serial_rivers_small_3,
          chequers_serial_rivers_small_3, chequers_serial_rivers_micro_c,
          chequers_serial_rivers_micro_c, chequers_serial_rivers_room_a,
          chequers_serial_rivers_large_b, uniq_menkaure, uniq_pikel
D:7:      minmay_the_grid_octo_tiled_octocenter
          [minmay_the_grid_octo_fan_narrow, minmay_the_grid_octo_concentric,
          minmay_the_grid_octo_pinwheel, minmay_the_grid_octo_fat_diamond,
          minmay_the_grid_octo_prize_ultimate_mussel_roller,
          minmay_the_grid_square_5x5_shrine1,
          minmay_the_grid_square_5x5_half_checkered,
          minmay_the_grid_square_5x5_pentomino_r,
          minmay_the_grid_square_5x5_checkered], layout_rooms,
          mainiacjoe_overflow_surrounded_room, kennysheep_orc_sif_temple,
          doesnt_xom_only_xom
Temple:   hellmonk_temple_flake

Skill      XL: |  1  2  3  4  5  6  7  8  9 |
---------------+----------------------------+-----
Unarmed Combat | 4 5 6 7 8 10 | 10.2
Transmutations | 3 4 5 7 |  7.1
Poison Magic   | 1 2 |  2.0
Spellcasting   | 3 4 5 |  5.0
Invocations    | 2 3 4 6 |  6.7
Fighting       | |  1.3
Throwing       | |  0.5
Armour         | |  0.4
Dodging        | |  1.7
Evocations     | |  0.9

Action                   |  1- 3 |  4- 6 |  7- 9 | 10-12 || total
-------------------------+-------+-------+-------+-------++-------
Melee: Unarmed           |    69 |   167 |   276 |    48 ||   560
       Kick              |    14 |    20 |       |       ||    34
       Headbutt          |     8 |     6 |       |       ||    14
       Tailslap          |     6 |     8 |    18 |     5 ||    37
       Punch             |       |     1 |     4 |     5 ||    10
Throw: Dart              |       |       |       |     4 ||     4
 Cast: Beastly Appendage |    22 |    19 |       |       ||    41
       Spider Form       |       |     5 |    12 |     1 ||    18
       Ice Form          |       |       |     2 |       ||     2
 Abil: End Transformatio |       |     1 |       |       ||     1
Evoke: Wand              |       |       |     3 |     1 ||     4
  Use: Scroll            |       |       |    11 |     2 ||    13
       Potion            |       |       |     4 |       ||     4
 Stab: Sleeping          |     1 |       |     1 |       ||     2
Armor: Robe              |    33 |    25 |    38 |     7 ||   103
       Skin              |       |     4 |    30 |       ||    34
Dodge: Dodged            |    32 |    82 |   149 |    32 ||   295
